3AA
LANCASTER FARMERS @ OTTAWA NATIONALS
09/16/2022
 
TOP OF THE 1ST
Lancaster Farmers batting - Pitching for Ottawa Nationals : RHP King Fletcher
Pitching: RHP King Fletcher
Batting: SHB Jim Henderson 0-0: Called Strike
0-1: Ball
1-1: Ball
2-1: Ball
3-1: Foul Ball, location: 2F
3-2: Strikes out swinging
Batting: RHB Eric Howard 0-0: Fly out, F8 (Flyball, 8RXD)
Batting: RHB Fred Meyer 0-0: Ball
1-0: Called Strike
1-1: Ball
2-1: Swinging Strike
2-2: Strikes out swinging
Top of the 1st over - 0 run(s), 0 hit(s), 0 error(s), 0 left on base; Lancaster 0 - Ottawa 0
BOTTOM OF THE 1ST
Ottawa Nationals batting - Pitching for Lancaster Farmers : RHP Mauro Guerra
Pitching: RHP Mauro Guerra
Batting: RHB Rodrigo Pagán 0-0: SINGLE (Groundball, 4M)
Batting: RHB Anthony Trujillo 0-0: Called Strike
0-1: Foul Ball, location: 2F
0-2: Ball
1-2: Strikes out swinging
Batting: SHB Cliff Hale 0-0: Ball
1-0: Called Strike
Rodrigo Pagán is caught stealing 2nd base
1-1: Ball
2-1: SINGLE (Groundball, 56D)
Batting: RHB José Icaza 0-0: Called Strike
0-1: Ball
1-1: Ball
2-1: Foul Ball, location: 2F
2-2: Strikes out swinging
Bottom of the 1st over - 0 run(s), 2 hit(s), 0 error(s), 1 left on base; Lancaster 0 - Ottawa 0
TOP OF THE 2ND
Lancaster Farmers batting - Pitching for Ottawa Nationals : RHP King Fletcher
Batting: RHB Sean MacKnight 0-0: Ball
1-0: Called Strike
1-1: Fly out, F4 (Line Drive, 4M)
Batting: LHB Rob Wilson 0-0: SINGLE (Line Drive, 34)
Batting: RHB Chuck Wolf 0-0: Called Strike
0-1: SINGLE (Groundball, 13) (infield hit)
Rob Wilson to second
Batting: RHB Alan Potts 0-0: Called Strike
0-1: Swinging Strike
0-2: Strikes out swinging
Batting: LHB Juan Durán 0-0: Called Strike
0-1: Ball
1-1: Called Strike
1-2: Foul Ball, location: 2F
1-2: Ball
2-2: Ball
3-2: SINGLE (Groundball, 4)
Rob Wilson to third
Chuck Wolf to second
Rob Wilson scores
Chuck Wolf to third
Batting: RHB Carl Bryant 0-0: Foul Ball, location: 2F
0-1: Ball
1-1: Foul Ball, location: 2F
1-2: Fly out, F9 (Flyball, 9M)
Top of the 2nd over - 1 run(s), 3 hit(s), 0 error(s), 2 left on base; Lancaster 1 - Ottawa 0
BOTTOM OF THE 2ND
Ottawa Nationals batting - Pitching for Lancaster Farmers : RHP Mauro Guerra
Batting: LHB Tony Ríos 0-0: Swinging Strike
0-1: DOUBLE (Line Drive, 9LM)
Batting: RHB Patrick Samuels 0-0: Foul Ball, location: 2F
0-1: Ball
1-1: Ball
2-1: Swinging Strike
2-2: Foul Ball, location: 2F
2-2: SINGLE (Line Drive, 8LS)
Tony Ríos to third
Batting: RHB Dan Curtis 0-0: Grounds into double play, 6-4-3 (Groundball, 6)
Tony Ríos scores
Batting: RHB Steven Poe 0-0: Foul Ball, location: 2F
0-1: Ground out 5-3 (Groundball, 56)
Bottom of the 2nd over - 1 run(s), 2 hit(s), 0 error(s), 0 left on base; Lancaster 1 - Ottawa 1
TOP OF THE 3RD
Lancaster Farmers batting - Pitching for Ottawa Nationals : RHP King Fletcher
Batting: SHB Jim Henderson 0-0: Fly out, F6 (Popup, 5DF)
Batting: RHB Eric Howard 0-0: Called Strike
0-1: Ground out 4-3 (Groundball, 4M)
Batting: RHB Fred Meyer 0-0: Fly out, F4 (Popup, 6MD)
Top of the 3rd over - 0 run(s), 0 hit(s), 0 error(s), 0 left on base; Lancaster 1 - Ottawa 1
BOTTOM OF THE 3RD
Ottawa Nationals batting - Pitching for Lancaster Farmers : RHP Mauro Guerra
Batting: RHB Ron Williams 0-0: Swinging Strike
0-1: Ball
1-1: Swinging Strike
1-2: Ground out 1-3 (Groundball, 23)
Batting: RHB Rodrigo Pagán 0-0: Called Strike
0-1: Ball
1-1: Bunted foul
1-2: Ground out 5-3 (Groundball, 5S)
Batting: RHB Anthony Trujillo 0-0: Called Strike
0-1: Called Strike
0-2: Ball
1-2: Ball
2-2: Ball
3-2: Strikes out swinging
Bottom of the 3rd over - 0 run(s), 0 hit(s), 0 error(s), 0 left on base; Lancaster 1 - Ottawa 1
TOP OF THE 4TH
Lancaster Farmers batting - Pitching for Ottawa Nationals : RHP King Fletcher
Batting: RHB Sean MacKnight 0-0: Called Strike
0-1: SINGLE (Groundball, 6D)
Batting: LHB Rob Wilson 0-0: Ball
1-0: Ball
2-0: Foul Ball, location: 2F
2-1: Ball
3-1: SINGLE (Groundball, 56D)
Sean MacKnight to second
Batting: RHB Chuck Wolf 0-0: Ball
1-0: Ball
2-0: Foul Ball, location: 2F
2-1: Ball
3-1: Called Strike
3-2: SINGLE (Groundball, 6)
Sean MacKnight to third
Rob Wilson to second
Batting: RHB Alan Potts 0-0: Foul Ball, location: 2F
0-1: Ball
1-1: Ball
2-1: Swinging Strike
2-2: Fly out, F8 (Flyball, 89XD)
Runner from 3rd tags up, SCORES, no throw
Batting: LHB Juan Durán 0-0: Called Strike
0-1: Ball
1-1: Ball
2-1: Foul Ball, location: 2F
2-2: Fly out, F8 (Flyball, 8RM)
Batting: RHB Carl Bryant 0-0: Ball
Wild Pitch!
Rob Wilson to third
Chuck Wolf to second
1-0: Foul Ball, location: 2F
1-1: Foul Ball, location: 2F
1-2: Ball
2-2: Foul Ball, location: 2F
2-2: Ball
3-2: Base on Balls
Batting: SHB Jim Henderson 0-0: Swinging Strike
0-1: Ball
1-1: Ball
2-1: Foul Ball, location: 2F
2-2: Ball
3-2: Base on Balls
Rob Wilson scores
Chuck Wolf to third
Carl Bryant to second
Batting: RHB Eric Howard 0-0: Fielders Choice at 2nd, 6-4 (Groundball, 6)
Top of the 4th over - 2 run(s), 3 hit(s), 0 error(s), 2 left on base; Lancaster 3 - Ottawa 1
BOTTOM OF THE 4TH
Ottawa Nationals batting - Pitching for Lancaster Farmers : RHP Mauro Guerra
Batting: SHB Cliff Hale 0-0: Ground out 6-3 (Groundball, 6)
Batting: RHB José Icaza 0-0: Ground out 1-3 (Groundball, 23)
Batting: LHB Tony Ríos 0-0: Called Strike
0-1: SINGLE (Line Drive, 34D)
Batting: RHB Patrick Samuels 0-0: Called Strike
0-1: Ground out 3-1 (Groundball, 34)
Bottom of the 4th over - 0 run(s), 1 hit(s), 0 error(s), 1 left on base; Lancaster 3 - Ottawa 1
TOP OF THE 5TH
Lancaster Farmers batting - Pitching for Ottawa Nationals : RHP King Fletcher
Batting: RHB Fred Meyer 0-0: Called Strike
0-1: Ball
1-1: Ball
2-1: Foul Ball, location: 2F
2-2: Strikes out looking
Batting: RHB Sean MacKnight 0-0: Called Strike
0-1: Ball
1-1: Foul Ball, location: 2F
1-2: Foul Ball, location: 2F
1-2: Ball
2-2: Strikes out swinging
Batting: LHB Rob Wilson 0-0: Ball
1-0: Ball
2-0: Ball
3-0: Base on Balls
Batting: RHB Chuck Wolf 0-0: Ball
1-0: Foul Ball, location: 2F
1-1: Foul Ball, location: 2F
Pickoff Throw to First - Error! E1
Rob Wilson to second
1-2: Reached on error, E6 (Groundball, 6M)
Rob Wilson to third
Batting: RHB Alan Potts 0-0: Fly out, F2 (Popup, 2R)
Top of the 5th over - 0 run(s), 0 hit(s), 2 error(s), 2 left on base; Lancaster 3 - Ottawa 1
BOTTOM OF THE 5TH
Ottawa Nationals batting - Pitching for Lancaster Farmers : RHP Mauro Guerra
Batting: RHB Dan Curtis 0-0: Foul Ball, location: 2F
0-1: Ball
1-1: DOUBLE (Groundball, 5L)
Batting: RHB Steven Poe 0-0: Ball
1-0: Ball
2-0: Called Strike
2-1: Ground out 6-3 (Groundball, 6M)
Dan Curtis to third
Batting: RHB Ron Williams 0-0: SINGLE (Groundball, 34)
Dan Curtis scores
Batting: RHB Rodrigo Pagán 0-0: Ball
1-0: Fielders Choice at 2nd, 5-4 (Groundball, 56)
Batting: RHB Anthony Trujillo 0-0: Ball
Rodrigo Pagán steals 2nd base
1-0: Ball
2-0: Foul Ball, location: 2F
2-1: Ball
3-1: SINGLE (Groundball, 4MD)
Rodrigo Pagán to third
Runner from 3rd tries for Home, SAFE, no throw or cutoff
Batting: SHB Cliff Hale 0-0: Called Strike
Anthony Trujillo is caught stealing 2nd base
Bottom of the 5th over - 2 run(s), 3 hit(s), 0 error(s), 0 left on base; Lancaster 3 - Ottawa 3
TOP OF THE 6TH
Lancaster Farmers batting - Pitching for Ottawa Nationals : RHP King Fletcher
Batting: LHB Juan Durán 0-0: Ground out 4-3 (Groundball, 13)
Batting: RHB Carl Bryant 0-0: Bunted foul
0-1: Swinging Strike
0-2: SINGLE (Groundball, 6M) (infield hit)
Batting: SHB Jim Henderson 0-0: Called Strike
0-1: Ball
1-1: Ball
2-1: Foul Ball, location: 2F
2-2: Strikes out looking
Batting: RHB Eric Howard 0-0: Swinging Strike
0-1: Foul Ball, location: 2F
0-2: Ball
Wild Pitch!
Carl Bryant to second
1-2: Fly out, F8 (Line Drive, 8LM)
Top of the 6th over - 0 run(s), 1 hit(s), 0 error(s), 1 left on base; Lancaster 3 - Ottawa 3
BOTTOM OF THE 6TH
Ottawa Nationals batting - Pitching for Lancaster Farmers : RHP Mauro Guerra
Batting: SHB Cliff Hale 0-0: Called Strike
0-1: Foul Ball, location: 2F
0-2: Ball
1-2: SINGLE (Groundball, 3S)
Batting: RHB José Icaza 0-0: Called Strike
0-1: Ball
1-1: Swinging Strike
1-2: Ball
2-2: Ball
3-2: Strikes out looking
Batting: LHB Tony Ríos 0-0: Ball
1-0: Ball
2-0: Foul Ball, location: 2F
2-1: Ball
3-1: Swinging Strike
3-2: DOUBLE (Line Drive, 9LS)
Cliff Hale to third
Runner from 3rd tries for Home, SAFE, no throw or cutoff
Batting: RHB Patrick Samuels 0-0: Intentional Walk
Batting: RHB Dan Curtis 0-0: Swinging Strike
0-1: Fly out, F4 (Popup, 3D)
Batting: RHB Steven Poe 0-0: Ball
1-0: Ball
2-0: Called Strike
2-1: Ball
3-1: Reached on error, E5 (Groundball, 5L)
Tony Ríos to third
Patrick Samuels to second
Batting: RHB Ron Williams 0-0: Ball
1-0: Reaches on Catchers interference
Tony Ríos scores
Patrick Samuels to third
Steven Poe to second
Batting: RHB Rodrigo Pagán 0-0: Foul Ball, location: 2F
0-1: Called Strike
0-2: Ball
1-2: Foul Ball, location: 2F
1-2: Foul Ball, location: 2F
1-2: Ball
2-2: Ball
3-2: SINGLE (Groundball, 4)
Patrick Samuels scores
Steven Poe to third
Ron Williams to second
Steven Poe scores
Ron Williams to third
Pitching: LHP Álex Reyes
Batting: RHB Anthony Trujillo 0-0: Ball
1-0: Called Strike
1-1: Ball
2-1: Ball
3-1: Called Strike
3-2: Fly out, F3 (Line Drive, 3)
Bottom of the 6th over - 4 run(s), 3 hit(s), 2 error(s), 2 left on base; Lancaster 3 - Ottawa 7
TOP OF THE 7TH
Lancaster Farmers batting - Pitching for Ottawa Nationals : RHP King Fletcher
Batting: RHB Fred Meyer 0-0: Called Strike
0-1: Swinging Strike
0-2: Strikes out swinging
Batting: RHB Sean MacKnight 0-0: Called Strike
0-1: Ball
1-1: Called Strike
1-2: Strikes out swinging
Batting: LHB Rob Wilson 0-0: Ball
1-0: Fly out, F7 (Flyball, 7M)
Top of the 7th over - 0 run(s), 0 hit(s), 0 error(s), 0 left on base; Lancaster 3 - Ottawa 7
BOTTOM OF THE 7TH
Ottawa Nationals batting - Pitching for Lancaster Farmers : LHP Álex Reyes
Batting: SHB Cliff Hale 0-0: Called Strike
0-1: Ball
1-1: Fly out, F8 (Flyball, 8LM)
Batting: RHB José Icaza 0-0: Foul Ball, location: 2F
0-1: Ground out 6-3 (Groundball, 6)
Batting: LHB Tony Ríos 0-0: Called Strike
0-1: Called Strike
0-2: Foul Ball, location: 2F
0-2: Ball
1-2: Strikes out swinging
Bottom of the 7th over - 0 run(s), 0 hit(s), 0 error(s), 0 left on base; Lancaster 3 - Ottawa 7
TOP OF THE 8TH
Lancaster Farmers batting - Pitching for Ottawa Nationals : RHP King Fletcher
Batting: RHB Chuck Wolf 0-0: Ball
1-0: Ball
2-0: Called Strike
2-1: Swinging Strike
2-2: Foul Ball, location: 2F
2-2: Ball
3-2: Base on Balls
Pitching: RHP Júlio Villegas
Batting: RHB Alan Potts 0-0: SINGLE (Groundball, 4MD)
Chuck Wolf to second
Pitching: LHP Zach Walter
Batting: LHB Juan Durán 0-0: Ball
1-0: Ball
2-0: Ball
3-0: Called Strike
3-1: Base on Balls
Chuck Wolf to third
Alan Potts to second
Pitching: RHP Lewis Miller
Batting: RHB Carl Bryant 0-0: Ball
1-0: Swinging Strike
1-1: Foul Ball, location: 2F
1-2: Strikes out looking
Batting: SHB Jim Henderson 0-0: Ball
1-0: Ball
2-0: Ball
3-0: Called Strike
3-1: SINGLE (Line Drive, 6MD)
Chuck Wolf scores
Alan Potts to third
Juan Durán to second
Runner from 3rd tries for Home, SAFE, throw made home
Batting: RHB Eric Howard 0-0: Grounds into double play, 1-6-3 (Groundball, 13S)
Top of the 8th over - 2 run(s), 2 hit(s), 0 error(s), 1 left on base; Lancaster 5 - Ottawa 7
BOTTOM OF THE 8TH
Ottawa Nationals batting - Pitching for Lancaster Farmers : LHP Álex Reyes
Batting: RHB Patrick Samuels 0-0: Fly out, F8 (Flyball, 8LD)
Batting: RHB Dan Curtis 0-0: Ball
1-0: Ball
2-0: Ball
3-0: Called Strike
3-1: Foul Ball, location: 2F
3-2: SINGLE (Line Drive, 89S)
Batting: RHB Steven Poe 0-0: Ball
1-0: Swinging Strike
1-1: Foul Ball, location: 2F
1-2: Fielders Choice at 2nd, 5-4 (Groundball, 56)
Batting: RHB Ron Williams 0-0: Ball
Pickoff Throw to First - Out!
Bottom of the 8th over - 0 run(s), 1 hit(s), 0 error(s), 0 left on base; Lancaster 5 - Ottawa 7
TOP OF THE 9TH
Lancaster Farmers batting - Pitching for Ottawa Nationals : RHP Lewis Miller
Pitching: RHP Edwin Ellis
Batting: RHB Fred Meyer 0-0: Foul Ball, location: 2F
0-1: Ball
1-1: Swinging Strike
1-2: Foul Ball, location: 2F
1-2: Ball
2-2: Ball
3-2: Base on Balls
Batting: RHB Sean MacKnight 0-0: Called Strike
0-1: Called Strike
0-2: Ball
1-2: Ball
2-2: SINGLE (Line Drive, 7S)
Fred Meyer to second
Batting: LHB Rob Wilson 0-0: Called Strike
0-1: Swinging Strike
0-2: Foul Ball, location: 2F
0-2: Ball
1-2: Foul Ball, location: 2F
1-2: Fly out, F9 (Flyball, 9M)
Batting: RHB Chuck Wolf 0-0: Ball
1-0: Foul Ball, location: 2F
1-1: Fly out, F9 (Flyball, 9M)
Batting: RHB Alan Potts 0-0: Ball
1-0: Ball
2-0: Called Strike
2-1: Ball
3-1: Foul Ball, location: 2F
3-2: Foul Ball, location: 2F
3-2: Base on Balls
Fred Meyer to third
Sean MacKnight to second
Batting: LHB Juan Durán 0-0: SINGLE (Groundball, 34S)
Fred Meyer scores
Sean MacKnight to third
Alan Potts to second
Runner from 3rd tries for Home, SAFE, no throw or cutoff
Pinch Hitting: RHB Jim Unknown 0-0: Ball
1-0: Ball
2-0: Ball
3-0: Base on Balls
Alan Potts to third
Juan Durán to second
Batting: SHB Jim Henderson 0-0: Foul Ball, location: 2F
0-1: Foul Ball, location: 2F
0-2: Ball
1-2: Foul Ball, location: 2F
1-2: Ball
2-2: Foul Ball, location: 2F
2-2: SINGLE (Line Drive, 9LS)
Alan Potts scores
Juan Durán to third
Jim Unknown to second
Runner from 3rd tries for Home, SAFE, no throw or cutoff
Pitching: LHP Grant Woods
Batting: RHB Eric Howard 0-0: Foul Ball, location: 2F
0-1: Foul Ball, location: 2F
0-2: Ball
1-2: Reached on error, E5 (Groundball, 56)
Jim Unknown to third
Jim Henderson to second
Batting: RHB Fred Meyer 0-0: Called Strike
0-1: Ground out 5-3 (Groundball, 56)
Top of the 9th over - 4 run(s), 3 hit(s), 1 error(s), 3 left on base; Lancaster 9 - Ottawa 7
BOTTOM OF THE 9TH
Ottawa Nationals batting - Pitching for Lancaster Farmers : LHP Álex Reyes
Pitching: RHP Rafael Rodríguez
Now at 1B: Jim Unknown
Batting: RHB Ron Williams 0-0: Ball
1-0: Ball
2-0: Called Strike
2-1: Ground out 5-3 (Groundball, 5)
Batting: RHB Rodrigo Pagán 0-0: Ball
1-0: Ground out 4-3 (Groundball, 4)
Batting: RHB Anthony Trujillo 0-0: Called Strike
0-1: Ground out 6-3 (Groundball, 6M)
Bottom of the 9th over - 0 run(s), 0 hit(s), 0 error(s), 0 left on base; Lancaster 9 - Ottawa 7
This league is powered by Out of the Park Baseball, the baseball management simulation game for PC, Mac and Linux
Friday, April 15th, 2016 - OOTP Baseball 16.9 Build 39